 Dungeon Crawl Stone Soup version 0.26.0-10-g1f06aea511 (webtiles) character file.

Game seed: 6749209835135733491

1 sanka the Sneak (level 1, 17/17 HPs)
             Began as a Barachi Brigand on Jan 17, 2021.
             Was a Follower of Zin.
             Quit the game on level 2 of the Dungeon.
             The game lasted 00:00:25 (52 turns).

sanka the Sneak (Barachi Brigand)                     Turns: 52, Time: 00:00:26

Health: 17/17      AC:  3    Str: 12    XL:     1   Next: 20%
Magic:  1/1        EV: 12    Int: 11    God:    Zin [*.....]
Gold:   0          SH:  0    Dex: 13    Spells: 0/0 levels left

rFire    . . .     SeeInvis .   a - +2 dagger
rCold    . . .     Faith    .   (no shield)
rNeg     . . .     Spirit   .   b - +0 robe
rPois    .         Reflect  .   (no helmet)
rElec    .         Harm     .   c - +0 cloak
rCorr    .         Rampage  .   (no gloves)
Will     .....                  (no boots)
Stlth    ++........             (no amulet)
HPRegen  0.05/turn              (no ring)
MPRegen  0.07/turn              (no ring)

@: slow
A: +LOS, swims, slowness 1, strong legs 1
a: Hop, Renounce Religion, Recite, Donate Gold


You were on level 2 of the Dungeon.
You worshipped Zin.
Zin was aware of your devotion.
You visited 1 branch of the dungeon, and saw 2 of its levels.


Innate Abilities, Weirdness & Mutations

You can be seen from farther away. (+LOS)
You can swim through water.
You cover ground slowly.
You can hop short distances.


   Skills:
 + Level 2.6 Fighting
 - Level 2.1 Short Blades
 - Level 2.0 Throwing
 - Level 1.1 Dodging
 - Level 3.6 Stealth


You couldn't memorise any spells.
You didn't know any spells.
Your spell library was empty.

Inventory:

Hand Weapons
 a - a +2 dagger (weapon)
Missiles
 d - 8 poisoned darts (quivered)
 e - 2 curare-tipped darts {=f}
Armour
 b - a +0 robe (worn)
 c - a +0 cloak (worn)
Potions
 f - a potion of lignification {unknown}

Dungeon Overview and Level Annotations

Branches:
Dungeon (2/15)

Altars:
Zin

▒▒ .▒ ▒▒ ▒▒▒ .▒.
...♣ ▒..♣..♣♣♣♣♣
▒.♣.♣♣♣.♣.♣♣
▒..♣♣..♣♣♣.♣
▒.♣.♣.♣...F♣
▒▒...♣.♣♣..♣♣
▒...♣♣.♣♣♣.♣
▒......▒..♣♣.♣♣.♣
▒▒▒▒▒..▒.♣..♣♣♣♣♣
▒..▒.♣♣♣♣ ▒.....
▒.▒▒... .. ▒.▒▒.


There were no monsters in sight!


Message History

Found 12 gold pieces.
Found an escape hatch in the floor.
Found a staircase leading out of the dungeon.
Unknown command.
Unknown command.
Found a ruby potion.
There is an escape hatch in the floor here.
You slide downwards.
The hatch slams shut behind you.
Found a bubbling dark potion.
Unknown command.
A giant cockroach comes into view.
Found an escape hatch in the ceiling.
You see here a bubbling dark potion.
The helpless giant cockroach fails to defend itself.
You impale the giant cockroach!!
You kill the giant cockroach!
f - a bubbling dark potion
Found a faded altar of an unknown god.
Found 2 purple potions.
Search for what [? for help]? altar
There is a faded altar of an unknown god here.
You cannot tell which god this altar belongs to.
Convert to them anyway?
Okay, then.
You cannot tell which god this altar belongs to.
Convert to them anyway?
Zin accepts your prayer! Zin welcomes you!
You can now donate money to Zin.
You can now recite Zin's Axioms of Law.
Are you sure you want to abandon this character and quit the game? (Confirm with "yes".)

Action                   || total
-------------------------++-------
Melee: Dagger            ||     1
 Stab: Sleeping          ||     1

Levels and vault maps discovered:
D:1:      amcnicky_arrival_blooded_trapdoor, layout_basic, minmay_statues_item
D:2:      cheibrodos_fertilizer, layout_loops_ring,
          chequers_ecumenical_altar_grove, minmay_pentomino_w2

Notes
Turn   | Place    | Note
-------+----------+-------------------------------------------
     0 | D:1      | sanka the Barachi Brigand began the quest for the Orb.
     0 | D:1      | Reached XP level 1. HP: 17/17 MP: 1/1
    18 | D:2      | Found a faded altar of an unknown god.
    51 | D:2      | Became a worshipper of Zin the Law-Giver
    51 | D:2      | Reached * piety under Zin
    52 | D:2      | Quit the game

Vanquished Creatures
  A giant cockroach (D:2)
1 creature vanquished.

Table legend: (Time is in decaauts)
 A = Elapsed time spent in this place.
 B = Non-inter-level travel time spent in this place.
 C = Inter-level travel time spent in this place.
 D = Time resting spent in this place.
 E = Time spent auto-exploring this place.
 F = Levels seen in this place.
 G = Mean time per level.
                   A        B        C        D        E       F      G
               +--------+--------+--------+--------+--------+-----+--------+
         Total |     61 |     47 |     14 |      0 |     34 |   2 |   30.5 |
       Dungeon |     61 |     47 |     14 |      0 |     34 |   2 |   30.5 |
               +--------+--------+--------+--------+--------+-----+--------+

Top non-repeatable levels by time:
     D:2: 56 daAuts
     D:1: 4 daAuts
